Avalanche vs Kings

Created - March 18 2012 at 12:58

Goals
1 2 3 OT1 SO T
Avalanche 3 1 1 0 1 5
Kings 2 2 1 0 2 6
Shots
1 2 3 OT1 SO T
Avalanche 20 11 9 1 3 41
Kings 9 7 9 7 3 32

Period #1

1. Kings , Brian Rolston 12 (Matt Duchene, Joe Corvo) at 0:26 (PP)
2. Avalanche , Jeff Skinner 35 (Michael Del Zotto, Antti Niemi) at 7:13
3. Kings , Sean Bergenheim 19 (Jarret Stoll, Bryan Allen) at 11:09 (PP)
4. Avalanche , Derek Stepan 7 (Nicklas Lidstrom, Linus Omark) at 12:46
5. Avalanche , Nicklas Lidstrom 16 (Jeff Skinner, Michael Del Zotto) at 16:36 (PP)

Penalties :
Steve Downie (COL) for High sticking (Minor) at 0:02, Justin Abdelkader (COL) for Slashing (Minor) at 3:03, Ryan Carter (COL) for Holding (Minor) at 10:37, Brian Boyle (LOS) for Interference (Minor) at 12:48, Chris Thorburn (LOS) for Hooking (Minor) at 14:04, Jack Hillen (LOS) for Hooking (Minor) at 16:22, Antoine Vermette (LOS) for Tripping (Minor) at 17:17

Period #2

6. Avalanche , Teemu Selanne 37 (Nicklas Lidstrom, R.J. Umberger) at 9:21 (PP)
7. Kings , Antoine Vermette 10 (Jarret Stoll, Jamie McBain) at 17:31 (PP)
8. Kings , Wojtek Wolski 15 (Brian Boyle, Michael Frolik) at 17:51

Penalties :
Paul Mara (COL) for Hooking (Minor) at 0:52, Sergei Gonchar (LOS) for Tripping (Minor) at 8:39, Steve Downie (COL) for Roughing (Minor) at 16:25

Period #3

9. Avalanche , John Carlson 19 (Steve Downie, Michael Del Zotto) at 2:54
10. Kings , Brian Rolston 13 (Joe Corvo, Sergei Samsonov) at 8:43 (PP)

Penalties :
Sergei Gonchar (LOS) for Interference (Minor) at 3:31, Paul Mara (COL) for Roughing (Minor) at 7:58, Sean Bergenheim (LOS) for Tripping (Minor) at 14:52

Overtime #1

No Goal

Penalties :
No Penalty

Shootout

Penalty Shot by Teemu Selanne for Avalanche - Stopped by Jonathan Quick
Penalty Shot by Matt Duchene for Kings - Goal!
Penalty Shot by Milan Hejduk for Avalanche - Stopped by Jonathan Quick
Penalty Shot by Brian Rolston for Kings - Shot Misses the Net
Penalty Shot by T.J. Oshie for Avalanche - Goal!
Penalty Shot by Jarret Stoll for Kings - Goal!

Penalties :
No Penalty

Goalie Stats

Antti Niemi (COL), 27 saves from 32 shots - (0.844), OTL, 34-16-4, 65:00 minutes
Jonathan Quick (LOS), 36 saves from 41 shots - (0.878), W, 21-28-7, 65:00 minutes

Players Stats

Avalanche
Player Name              G  A  P  +/- PIM S  H  SB FO    MP 
------------------------------------------------------------
Bryan Bickell            0  0  0   0  0   1  2  0  0/0   9  
Derek Stepan             1  0  1   1  0   2  0  0  0/2   17 
Jason Demers             0  0  0   0  0   1  0  0  0/0   17 
Jeff Skinner             1  1  2   1  0   5  1  0  0/0   20 
John Carlson             1  0  1   1  0   1  2  4  0/0   26 
Justin Abdelkader        0  0  0   1  2   0  3  0  15/27 17 
Kevin Shattenkirk        0  0  0   0  0   3  1  2  0/0   24 
Linus Omark              0  1  1   1  0   1  0  0  0/0   12 
Michael Del Zotto        0  3  3   1  0   1  5  0  0/0   22 
Milan Hejduk             0  0  0   0  0   2  0  0  0/0   14 
Nicklas Lidstrom         1  2  3   1  0   7  0  1  0/0   22 
Olli Jokinen             0  0  0   1  0   2  0  1  19/34 21 
Paul Mara                0  0  0   1  4   0  1  2  0/0   16 
R.J. Umberger            0  1  1   0  0   4  1  0  17/31 19 
Ryan Carter              0  0  0   0  2   0  2  0  3/10  6  
Steve Downie             0  1  1   1  4   0  4  0  1/2   15 
T.J. Oshie               0  0  0   0  0   6  0  0  1/2   16 
Teemu Selanne            1  0  1   0  0   5  0  0  2/4   19 
Kings
Player Name              G  A  P  +/- PIM S  H  SB FO    MP 
------------------------------------------------------------
Antoine Vermette         1  0  1  -3  2   4  0  2  18/34 22 
Brian Boyle              0  1  1   1  2   2  3  0  14/25 18 
Brian Rolston            2  0  2   0  0   4  0  0  0/1   19 
Bryan Allen              0  1  1  -3  0   0  2  1  0/0   21 
Chris Thorburn           0  0  0   0  2   0  0  0  5/11  8  
Craig Adams              0  0  0   0  0   0  1  0  0/0   8  
Evgeny Dadonov           0  0  0   0  0   1  0  0  0/0   4  
Jack Hillen              0  0  0   1  2   0  1  0  0/0   18 
Jamie McBain             0  1  1  -3  0   2  1  1  0/0   21 
Jarret Stoll             0  2  2  -3  0   4  3  0  1/2   18 
Joe Corvo                0  2  2   0  0   3  1  2  0/0   27 
Jonathon Blum            0  0  0   1  0   0  1  1  0/0   17 
Matt Duchene             0  1  1   0  0   6  0  0  11/31 21 
Michael Frolik           0  1  1   1  0   1  0  0  3/4   14 
Sean Bergenheim          1  0  1  -3  2   1  0  1  0/1   16 
Sergei Gonchar           0  0  0   0  4   1  2  2  0/0   26 
Sergei Samsonov          0  1  1   0  0   1  0  0  0/1   15 
Wojtek Wolski            1  0  1   1  0   2  0  0  2/2   14 

3 Stars

1 - Michael Del Zotto (COL)
2 - Nicklas Lidstrom (COL)
3 - Brian Rolston (LOS)

Power Play

Avalanche - 2 on 7 Attempt(s) - 28.57%
Kings - 4 on 6 Attempt(s) - 66.67%

Penalty Kill

Avalanche - 2 on 6 Attempt(s) - 33.33% - Score 0 goal in Penalty Kill
Kings - 5 on 7 Attempt(s) - 71.43% - Score 0 goal in Penalty Kill

Game Notes

No Game Note

Finance

Level 1 -- Attendance: 6266 (96.40%) -- Ticket Income $501,280.00
Level 2 -- Attendance: 4533 (90.66%) -- Ticket Income $226,650.00
Level 3 -- Attendance: 2714 (77.54%) -- Ticket Income $94,990.00
Level 4 -- Attendance: 2118 (100.00%) -- Ticket Income $42,360.00
Luxury Box -- Attendance: 629 (62.90%) -- Ticket Income $125,800.00
Game was played at the Staples Center
Total Attendance: 16260 (89.75%)
Total Ticket Income: $992,882.90
Other Income: $201,493.80
Total Income: $1,194,377.00


Play by Play

Period #1

0:01 of 1st period - Matt Duchene wins face-off versus Olli Jokinen in neutral zone.
0:01 of 1st period - Matt Duchene is hit by Steve Downie.
0:02 of 1st period - Minor Penalty to Steve Downie for High sticking.
0:03 of 1st period - Justin Abdelkader wins face-off versus Matt Duchene in Avalanche zone.
0:26 of 1st period - Shot by Brian Rolston.
0:26 of 1st period - Goal by Brian Rolston - Avalanche : 0 - Kings : 1.
0:27 of 1st period - Olli Jokinen wins face-off versus Antoine Vermette in neutral zone.
1:38 of 1st period - Icing by Joe Corvo.
1:39 of 1st period - Justin Abdelkader wins face-off versus Sergei Samsonov in Kings zone.
1:40 of 1st period - Shot by Nicklas Lidstrom.
1:40 of 1st period - Stopped by Jonathan Quick with a rebound.
1:56 of 1st period - Shot by Nicklas Lidstrom.
1:56 of 1st period - Stopped by Jonathan Quick with a rebound.
2:00 of 1st period - Shot by Nicklas Lidstrom.
2:00 of 1st period - Stopped by Jonathan Quick without a rebound.
2:01 of 1st period - Brian Boyle wins face-off versus R.J. Umberger in Kings zone.
2:21 of 1st period - Shot by T.J. Oshie.
2:21 of 1st period - Deflect By Teemu Selanne.
2:21 of 1st period - Shot Misses the Net.
2:25 of 1st period - Shot by Kevin Shattenkirk.
2:25 of 1st period - Stopped by Jonathan Quick without a rebound.
2:26 of 1st period - Justin Abdelkader wins face-off versus Chris Thorburn in Kings zone.
2:33 of 1st period - Shot by Justin Abdelkader.
2:33 of 1st period - Shot Misses the Net.
2:37 of 1st period - Shot by Linus Omark.
2:37 of 1st period - Stopped by Jonathan Quick without a rebound.
2:38 of 1st period - Antoine Vermette wins face-off versus Ryan Carter in Kings zone.
2:38 of 1st period - Jamie McBain is hit by Ryan Carter and loses puck.
2:53 of 1st period - Shot by Bryan Bickell.
2:53 of 1st period - Stopped by Jonathan Quick without a rebound.
2:54 of 1st period - Brian Boyle wins face-off versus Justin Abdelkader in Kings zone.
2:54 of 1st period - Brian Boyle is hit by Justin Abdelkader.
3:03 of 1st period - Minor Penalty to Justin Abdelkader for Slashing.
3:04 of 1st period - Teemu Selanne wins face-off versus Matt Duchene in Avalanche zone.
3:16 of 1st period - Matt Duchene is hit by Paul Mara and loses puck.
3:31 of 1st period - Shot by Matt Duchene.
3:31 of 1st period - Shot Misses the Net.
3:33 of 1st period - Shot by Joe Corvo.
3:33 of 1st period - Stopped by Antti Niemi without a rebound.
3:34 of 1st period - Antoine Vermette wins face-off versus R.J. Umberger in Avalanche zone.
5:13 of 1st period - Shot by Brian Boyle.
5:13 of 1st period - Shot Blocked by Kevin Shattenkirk.
5:27 of 1st period - Olli Jokinen is hit by Jack Hillen and loses puck.
5:32 of 1st period - Shot by Jeff Skinner.
5:32 of 1st period - Stopped by Jonathan Quick with a rebound.
5:34 of 1st period - Shot by Jeff Skinner.
5:34 of 1st period - Shot Misses the Net.
6:13 of 1st period - Shot by Antoine Vermette.
6:13 of 1st period - Shot Blocked by Paul Mara.
6:15 of 1st period - Shot by Bryan Allen.
6:15 of 1st period - Shot Blocked by Paul Mara.
6:17 of 1st period - Shot by Antoine Vermette.
6:17 of 1st period - Stopped by Antti Niemi without a rebound.
6:18 of 1st period - Chris Thorburn wins face-off versus R.J. Umberger in Avalanche zone.
6:58 of 1st period - Icing by Craig Adams.
6:59 of 1st period - Chris Thorburn wins face-off versus Olli Jokinen in Kings zone.
6:59 of 1st period - Chris Thorburn is hit by Steve Downie.
7:13 of 1st period - Shot by Jeff Skinner.
7:13 of 1st period - Goal by Jeff Skinner - Avalanche : 1 - Kings : 1.
7:14 of 1st period - Justin Abdelkader wins face-off versus Antoine Vermette in neutral zone.
7:14 of 1st period - Justin Abdelkader is hit by Jarret Stoll.
7:33 of 1st period - Icing by Paul Mara.
7:34 of 1st period - Brian Boyle wins face-off versus Justin Abdelkader in Avalanche zone.
7:39 of 1st period - Shot by Wojtek Wolski.
7:39 of 1st period - Stopped by Antti Niemi without a rebound.
7:40 of 1st period - Steve Downie wins face-off versus Brian Boyle in Avalanche zone.
8:07 of 1st period - Brian Boyle is hit by Michael Del Zotto and loses puck.
8:23 of 1st period - Icing by John Carlson.
8:24 of 1st period - Matt Duchene wins face-off versus Olli Jokinen in Avalanche zone.
8:26 of 1st period - Sergei Samsonov is hit by Michael Del Zotto.
9:30 of 1st period - Icing by Nicklas Lidstrom.
9:31 of 1st period - Justin Abdelkader wins face-off versus Antoine Vermette in Avalanche zone.
9:31 of 1st period - Justin Abdelkader is hit by Jarret Stoll.
10:02 of 1st period - Shot by Antoine Vermette.
10:02 of 1st period - Deflect By Sean Bergenheim.
10:02 of 1st period - Shot Misses the Net.
10:04 of 1st period - Shot by Jamie McBain.
10:04 of 1st period - Stopped by Antti Niemi without a rebound.
10:05 of 1st period - R.J. Umberger wins face-off versus Brian Boyle in Avalanche zone.
10:05 of 1st period - Kevin Shattenkirk is hit by Brian Boyle and loses puck.
10:20 of 1st period - Shot by T.J. Oshie.
10:20 of 1st period - Shot Misses the Net.
10:22 of 1st period - Shot by T.J. Oshie.
10:22 of 1st period - Shot Misses the Net.
10:24 of 1st period - Shot by T.J. Oshie.
10:24 of 1st period - Shot Misses the Net.
10:26 of 1st period - Shot by Teemu Selanne.
10:26 of 1st period - Shot Misses the Net.
10:28 of 1st period - Shot by T.J. Oshie.
10:28 of 1st period - Shot Misses the Net.
10:30 of 1st period - Shot by R.J. Umberger.
10:30 of 1st period - Shot Misses the Net.
10:34 of 1st period - Shot by Teemu Selanne.
10:34 of 1st period - Stopped by Jonathan Quick without a rebound.
10:35 of 1st period - Chris Thorburn wins face-off versus Ryan Carter in Kings zone.
10:37 of 1st period - Minor Penalty to Ryan Carter for Holding.
10:38 of 1st period - Antoine Vermette wins face-off versus R.J. Umberger in Avalanche zone.
10:39 of 1st period - Shot by Jamie McBain.
10:39 of 1st period - Shot Misses the Net.
10:43 of 1st period - Shot by Jarret Stoll.
10:43 of 1st period - Stopped by Antti Niemi without a rebound.
10:44 of 1st period - Justin Abdelkader wins face-off versus Antoine Vermette in Avalanche zone.
11:09 of 1st period - Shot by Sean Bergenheim.
11:09 of 1st period - Goal by Sean Bergenheim - Avalanche : 1 - Kings : 2.
11:10 of 1st period - Olli Jokinen wins face-off versus Matt Duchene in neutral zone.
11:17 of 1st period - Shot by Jeff Skinner.
11:17 of 1st period - Stopped by Jonathan Quick without a rebound.
11:18 of 1st period - Brian Boyle wins face-off versus Ryan Carter in Kings zone.
11:18 of 1st period - Jonathon Blum is hit by Bryan Bickell and loses puck.
11:41 of 1st period - Shot by Brian Boyle.
11:41 of 1st period - Shot Misses the Net.
11:43 of 1st period - Shot by Jonathon Blum.
11:43 of 1st period - Shot Misses the Net.
11:45 of 1st period - Shot by Brian Boyle.
11:45 of 1st period - Stopped by Antti Niemi without a rebound.
11:46 of 1st period - T.J. Oshie wins face-off versus Matt Duchene in Avalanche zone.
12:01 of 1st period - Shot by Matt Duchene.
12:01 of 1st period - Stopped by Antti Niemi with a rebound.
12:46 of 1st period - Shot by Derek Stepan.
12:46 of 1st period - Goal by Derek Stepan - Avalanche : 2 - Kings : 2.
12:47 of 1st period - Olli Jokinen wins face-off versus Brian Boyle in neutral zone.
12:47 of 1st period - Olli Jokinen is hit by Brian Boyle.
12:48 of 1st period - Minor Penalty to Brian Boyle for Interference.
12:49 of 1st period - Antoine Vermette wins face-off versus Teemu Selanne in Kings zone.
13:03 of 1st period - Icing by Teemu Selanne.
13:04 of 1st period - R.J. Umberger wins face-off versus Jarret Stoll in Avalanche zone.
13:47 of 1st period - Shot by Milan Hejduk.
13:47 of 1st period - Stopped by Jonathan Quick with a rebound.
13:49 of 1st period - Shot by John Carlson.
13:49 of 1st period - Shot Misses the Net.
13:51 of 1st period - Shot by T.J. Oshie.
13:51 of 1st period - Stopped by Jonathan Quick without a rebound.
13:52 of 1st period - Olli Jokinen wins face-off versus Antoine Vermette in Kings zone.
13:59 of 1st period - Shot by T.J. Oshie.
13:59 of 1st period - Shot Misses the Net.
14:04 of 1st period - Minor Penalty to Chris Thorburn for Hooking.
14:05 of 1st period - R.J. Umberger wins face-off versus Brian Rolston in Kings zone.
14:12 of 1st period - Shot by Jeff Skinner.
14:12 of 1st period - Shot Misses the Net.
14:16 of 1st period - Shot by R.J. Umberger.
14:16 of 1st period - Stopped by Jonathan Quick with a rebound.
14:20 of 1st period - Shot by R.J. Umberger.
14:20 of 1st period - Stopped by Jonathan Quick without a rebound.
14:21 of 1st period - Olli Jokinen wins face-off versus Matt Duchene in Kings zone.
14:24 of 1st period - Shot by Kevin Shattenkirk.
14:24 of 1st period - Shot Misses the Net.
15:03 of 1st period - Icing by R.J. Umberger.
15:04 of 1st period - Antoine Vermette wins face-off versus R.J. Umberger in Avalanche zone.
16:22 of 1st period - Minor Penalty to Jack Hillen for Hooking.
16:23 of 1st period - R.J. Umberger wins face-off versus Brian Boyle in Kings zone.
16:30 of 1st period - Shot by Jeff Skinner.
16:30 of 1st period - Shot Misses the Net.
16:34 of 1st period - Shot by Jeff Skinner.
16:34 of 1st period - Shot Misses the Net.
16:36 of 1st period - Shot by Nicklas Lidstrom.
16:36 of 1st period - Goal by Nicklas Lidstrom - Avalanche : 3 - Kings : 2.
16:37 of 1st period - Justin Abdelkader wins face-off versus Antoine Vermette in neutral zone.
16:39 of 1st period - Jason Demers is hit by Bryan Allen and loses puck.
17:17 of 1st period - Minor Penalty to Antoine Vermette for Tripping.
17:18 of 1st period - Brian Boyle wins face-off versus R.J. Umberger in Kings zone.
17:34 of 1st period - Off-side.
17:35 of 1st period - Brian Boyle wins face-off versus Olli Jokinen in neutral zone.
17:41 of 1st period - Icing by Olli Jokinen.
17:42 of 1st period - Olli Jokinen wins face-off versus Brian Boyle in Avalanche zone.
18:03 of 1st period - Shot by T.J. Oshie.
18:03 of 1st period - Stopped by Jonathan Quick without a rebound.
18:04 of 1st period - R.J. Umberger wins face-off versus Chris Thorburn in Kings zone.
18:05 of 1st period - Shot by Nicklas Lidstrom.
18:05 of 1st period - Stopped by Jonathan Quick without a rebound.
18:06 of 1st period - R.J. Umberger wins face-off versus Matt Duchene in Kings zone.
18:09 of 1st period - Shot by Nicklas Lidstrom.
18:09 of 1st period - Stopped by Jonathan Quick without a rebound.
18:10 of 1st period - Matt Duchene wins face-off versus R.J. Umberger in Kings zone.
18:10 of 1st period - Matt Duchene is hit by Jeff Skinner.
18:17 of 1st period - Icing by Nicklas Lidstrom.
18:18 of 1st period - R.J. Umberger wins face-off versus Matt Duchene in Avalanche zone.
19:13 of 1st period - Shot by Kevin Shattenkirk.
19:13 of 1st period - Stopped by Jonathan Quick with a rebound.
19:15 of 1st period - Shot by John Carlson.
19:15 of 1st period - Shot Misses the Net.
19:17 of 1st period - Shot by Olli Jokinen.
19:17 of 1st period - Shot Misses the Net.
19:21 of 1st period - Shot by Milan Hejduk.
19:21 of 1st period - Deflect By Bryan Bickell.
19:21 of 1st period - Shot Blocked by Jonathon Blum.

Period #2

0:01 of 2nd period - Olli Jokinen wins face-off versus Matt Duchene in neutral zone.
0:07 of 2nd period - Off-side.
0:08 of 2nd period - Antoine Vermette wins face-off versus R.J. Umberger in neutral zone.
0:08 of 2nd period - Jarret Stoll is hit by R.J. Umberger and loses puck.
0:27 of 2nd period - Shot by Teemu Selanne.
0:27 of 2nd period - Deflect By R.J. Umberger.
0:27 of 2nd period - Stopped by Jonathan Quick with a rebound.
0:29 of 2nd period - Shot by Jason Demers.
0:29 of 2nd period - Stopped by Jonathan Quick without a rebound.
0:30 of 2nd period - Matt Duchene wins face-off versus Olli Jokinen in Kings zone.
0:45 of 2nd period - Shot by Matt Duchene.
0:45 of 2nd period - Stopped by Antti Niemi without a rebound.
0:46 of 2nd period - Brian Boyle wins face-off versus Justin Abdelkader in Avalanche zone.
0:52 of 2nd period - Minor Penalty to Paul Mara for Hooking.
0:53 of 2nd period - Antoine Vermette wins face-off versus R.J. Umberger in Avalanche zone.
0:54 of 2nd period - Shot by Jamie McBain.
0:54 of 2nd period - Shot Blocked by John Carlson.
1:36 of 2nd period - Shot by Jarret Stoll.
1:36 of 2nd period - Deflect By Antoine Vermette.
1:36 of 2nd period - Shot Misses the Net.
1:59 of 2nd period - Off-side.
2:00 of 2nd period - R.J. Umberger wins face-off versus Matt Duchene in neutral zone.
3:05 of 2nd period - Shot by Olli Jokinen.
3:05 of 2nd period - Stopped by Jonathan Quick without a rebound.
3:06 of 2nd period - Brian Boyle wins face-off versus Derek Stepan in Kings zone.
3:54 of 2nd period - Evgeny Dadonov is hit by John Carlson and loses puck.
3:57 of 2nd period - Shot by Craig Adams.
3:57 of 2nd period - Shot Misses the Net.
3:59 of 2nd period - Shot by Sergei Gonchar.
3:59 of 2nd period - Stopped by Antti Niemi without a rebound.
4:00 of 2nd period - Antoine Vermette wins face-off versus R.J. Umberger in Avalanche zone.
4:28 of 2nd period - Shot by Teemu Selanne.
4:28 of 2nd period - Shot Misses the Net.
4:30 of 2nd period - Shot by R.J. Umberger.
4:30 of 2nd period - Stopped by Jonathan Quick with a rebound.
4:36 of 2nd period - Shot by Teemu Selanne.
4:36 of 2nd period - Shot Misses the Net.
4:55 of 2nd period - Shot by Michael Del Zotto.
4:55 of 2nd period - Stopped by Jonathan Quick with a rebound.
6:26 of 2nd period - Icing by Joe Corvo.
6:27 of 2nd period - R.J. Umberger wins face-off versus Matt Duchene in Kings zone.
6:46 of 2nd period - Shot by Teemu Selanne.
6:46 of 2nd period - Stopped by Jonathan Quick without a rebound.
6:47 of 2nd period - Brian Boyle wins face-off versus Ryan Carter in Kings zone.
7:07 of 2nd period - Wojtek Wolski is hit by Kevin Shattenkirk and loses puck.
8:35 of 2nd period - Paul Mara is hit by Sergei Gonchar and loses puck.
8:39 of 2nd period - Minor Penalty to Sergei Gonchar for Tripping.
8:40 of 2nd period - Teemu Selanne wins face-off versus Matt Duchene in Kings zone.
9:13 of 2nd period - Shot by T.J. Oshie.
9:13 of 2nd period - Stopped by Jonathan Quick without a rebound.
9:14 of 2nd period - R.J. Umberger wins face-off versus Antoine Vermette in Kings zone.
9:21 of 2nd period - Shot by Teemu Selanne.
9:21 of 2nd period - Goal by Teemu Selanne - Avalanche : 4 - Kings : 2.
9:22 of 2nd period - Matt Duchene wins face-off versus Derek Stepan in neutral zone.
9:53 of 2nd period - Shot by Nicklas Lidstrom.
9:53 of 2nd period - Shot Blocked by Sergei Gonchar.
10:19 of 2nd period - Shot by Sean Bergenheim.
10:19 of 2nd period - Shot Misses the Net.
10:22 of 2nd period - Icing by Paul Mara.
10:23 of 2nd period - Michael Frolik wins face-off versus Justin Abdelkader in Avalanche zone.
11:24 of 2nd period - Shot by Jeff Skinner.
11:24 of 2nd period - Stopped by Jonathan Quick without a rebound.
11:25 of 2nd period - Antoine Vermette wins face-off versus R.J. Umberger in Kings zone.
12:15 of 2nd period - Icing by Bryan Allen.
12:16 of 2nd period - Olli Jokinen wins face-off versus Antoine Vermette in Kings zone.
12:27 of 2nd period - Shot by Jeff Skinner.
12:27 of 2nd period - Shot Blocked by Sean Bergenheim.
12:29 of 2nd period - Shot by Michael Del Zotto.
12:29 of 2nd period - Shot Misses the Net.
12:31 of 2nd period - Shot by Olli Jokinen.
12:31 of 2nd period - Deflect By Jeff Skinner.
12:31 of 2nd period - Shot Blocked by Bryan Allen.
13:17 of 2nd period - Sergei Samsonov is hit by Ryan Carter and loses puck.
13:31 of 2nd period - Icing by Kevin Shattenkirk.
13:32 of 2nd period - Wojtek Wolski wins face-off versus Ryan Carter in Avalanche zone.
13:52 of 2nd period - Shot by Brian Boyle.
13:52 of 2nd period - Shot Misses the Net.
13:54 of 2nd period - Shot by Wojtek Wolski.
13:54 of 2nd period - Shot Misses the Net.
14:13 of 2nd period - Icing by Kevin Shattenkirk.
14:14 of 2nd period - Matt Duchene wins face-off versus Ryan Carter in Avalanche zone.
14:53 of 2nd period - Sergei Gonchar is hit by Bryan Bickell and loses puck.
15:05 of 2nd period - Icing by Kevin Shattenkirk.
15:06 of 2nd period - Ryan Carter wins face-off versus Chris Thorburn in Avalanche zone.
15:06 of 2nd period - Ryan Carter is hit by Craig Adams.
15:09 of 2nd period - Icing by Kevin Shattenkirk.
15:10 of 2nd period - Ryan Carter wins face-off versus Michael Frolik in Avalanche zone.
15:29 of 2nd period - Shot by Brian Boyle.
15:29 of 2nd period - Shot Misses the Net.
15:31 of 2nd period - Shot by Brian Boyle.
15:31 of 2nd period - Deflect By Michael Frolik.
15:31 of 2nd period - Shot Misses the Net.
15:33 of 2nd period - Shot by Brian Boyle.
15:33 of 2nd period - Shot Misses the Net.
15:37 of 2nd period - Shot by Michael Frolik.
15:37 of 2nd period - Shot Misses the Net.
15:39 of 2nd period - Shot by Michael Frolik.
15:39 of 2nd period - Stopped by Antti Niemi without a rebound.
15:40 of 2nd period - Chris Thorburn wins face-off versus Olli Jokinen in Avalanche zone.
16:13 of 2nd period - Icing by Craig Adams.
16:14 of 2nd period - R.J. Umberger wins face-off versus Chris Thorburn in Kings zone.
16:23 of 2nd period - Shot by T.J. Oshie.
16:23 of 2nd period - Stopped by Jonathan Quick without a rebound.
16:24 of 2nd period - Antoine Vermette wins face-off versus Olli Jokinen in Kings zone.
16:24 of 2nd period - Antoine Vermette is hit by Steve Downie.
16:25 of 2nd period - Minor Penalty to Steve Downie for Roughing.
16:26 of 2nd period - Justin Abdelkader wins face-off versus Antoine Vermette in Avalanche zone.
16:32 of 2nd period - Icing by Sean Bergenheim.
16:33 of 2nd period - Justin Abdelkader wins face-off versus Antoine Vermette in Kings zone.
16:38 of 2nd period - Shot by Nicklas Lidstrom.
16:38 of 2nd period - Shot Blocked by Jamie McBain.
16:58 of 2nd period - Shot by Jamie McBain.
16:58 of 2nd period - Stopped by Antti Niemi without a rebound.
16:59 of 2nd period - R.J. Umberger wins face-off versus Matt Duchene in Avalanche zone.
17:12 of 2nd period - Shot by Matt Duchene.
17:12 of 2nd period - Stopped by Antti Niemi without a rebound.
17:13 of 2nd period - Justin Abdelkader wins face-off versus Antoine Vermette in Avalanche zone.
17:29 of 2nd period - Shot by Jamie McBain.
17:29 of 2nd period - Shot Blocked by John Carlson.
17:31 of 2nd period - Shot by Jarret Stoll.
17:31 of 2nd period - Deflect By Antoine Vermette.
17:31 of 2nd period - Goal by Antoine Vermette - Avalanche : 4 - Kings : 3.
17:32 of 2nd period - Wojtek Wolski wins face-off versus Olli Jokinen in neutral zone.
17:34 of 2nd period - Off-side.
17:35 of 2nd period - Brian Boyle wins face-off versus Olli Jokinen in neutral zone.
17:47 of 2nd period - Shot by Michael Frolik.
17:47 of 2nd period - Shot Blocked by John Carlson.
17:49 of 2nd period - Shot by Brian Boyle.
17:49 of 2nd period - Shot Blocked by John Carlson.
17:51 of 2nd period - Shot by Wojtek Wolski.
17:51 of 2nd period - Goal by Wojtek Wolski - Avalanche : 4 - Kings : 4.
17:52 of 2nd period - Justin Abdelkader wins face-off versus Matt Duchene in neutral zone.
18:07 of 2nd period - Shot by Teemu Selanne.
18:07 of 2nd period - Stopped by Jonathan Quick without a rebound.
18:08 of 2nd period - Antoine Vermette wins face-off versus Steve Downie in Kings zone.
18:20 of 2nd period - Icing by John Carlson.
18:21 of 2nd period - Olli Jokinen wins face-off versus Brian Boyle in Avalanche zone.
18:26 of 2nd period - Shot by Jeff Skinner.
18:26 of 2nd period - Shot Misses the Net.

Period #3

0:01 of 3rd period - Olli Jokinen wins face-off versus Matt Duchene in neutral zone.
1:04 of 3rd period - Shot by Jarret Stoll.
1:04 of 3rd period - Stopped by Antti Niemi without a rebound.
1:05 of 3rd period - Michael Frolik wins face-off versus Justin Abdelkader in Avalanche zone.
1:10 of 3rd period - Shot by Brian Boyle.
1:10 of 3rd period - Stopped by Antti Niemi with a rebound.
1:57 of 3rd period - Icing by Jason Demers.
1:58 of 3rd period - Antoine Vermette wins face-off versus R.J. Umberger in Avalanche zone.
2:40 of 3rd period - Icing by Jamie McBain.
2:41 of 3rd period - Olli Jokinen wins face-off versus Antoine Vermette in Kings zone.
2:52 of 3rd period - Shot by Steve Downie.
2:52 of 3rd period - Shot Misses the Net.
2:54 of 3rd period - Shot by John Carlson.
2:54 of 3rd period - Goal by John Carlson - Avalanche : 5 - Kings : 4.
2:55 of 3rd period - Justin Abdelkader wins face-off versus Matt Duchene in neutral zone.
3:18 of 3rd period - Nicklas Lidstrom is hit by Sergei Gonchar.
3:22 of 3rd period - Shot by Linus Omark.
3:22 of 3rd period - Shot Blocked by Sergei Gonchar.
3:25 of 3rd period - Icing by Joe Corvo.
3:26 of 3rd period - Olli Jokinen wins face-off versus Matt Duchene in Kings zone.
3:28 of 3rd period - Jeff Skinner is hit by Joe Corvo and loses puck.
3:31 of 3rd period - Shot by Jeff Skinner.
3:31 of 3rd period - Stopped by Jonathan Quick without a rebound.
3:31 of 3rd period - Minor Penalty to Sergei Gonchar for Interference.
3:32 of 3rd period - Olli Jokinen wins face-off versus Brian Boyle in Kings zone.
3:33 of 3rd period - Shot by Kevin Shattenkirk.
3:33 of 3rd period - Stopped by Jonathan Quick with a rebound.
4:54 of 3rd period - Icing by Teemu Selanne.
4:55 of 3rd period - Brian Boyle wins face-off versus Teemu Selanne in Avalanche zone.
5:04 of 3rd period - Shot by Brian Rolston.
5:04 of 3rd period - Stopped by Antti Niemi with a rebound.
5:08 of 3rd period - Shot by Brian Rolston.
5:08 of 3rd period - Shot Misses the Net.
5:12 of 3rd period - Shot by Brian Rolston.
5:12 of 3rd period - Stopped by Antti Niemi without a rebound.
5:13 of 3rd period - Antoine Vermette wins face-off versus Olli Jokinen in Avalanche zone.
5:50 of 3rd period - Shot by Matt Duchene.
5:50 of 3rd period - Deflect By Sergei Samsonov.
5:50 of 3rd period - Stopped by Antti Niemi without a rebound.
5:51 of 3rd period - Michael Frolik wins face-off versus Ryan Carter in Avalanche zone.
5:51 of 3rd period - Michael Frolik is hit by John Carlson.
6:37 of 3rd period - Icing by Bryan Allen.
6:38 of 3rd period - Justin Abdelkader wins face-off versus Antoine Vermette in Kings zone.
6:45 of 3rd period - Shot by Derek Stepan.
6:45 of 3rd period - Shot Misses the Net.
6:47 of 3rd period - Shot by Linus Omark.
6:47 of 3rd period - Shot Misses the Net.
6:49 of 3rd period - Shot by Linus Omark.
6:49 of 3rd period - Shot Blocked by Antoine Vermette.
7:02 of 3rd period - Off-side.
7:03 of 3rd period - Olli Jokinen wins face-off versus Matt Duchene in neutral zone.
7:10 of 3rd period - Shot by Olli Jokinen.
7:10 of 3rd period - Shot Blocked by Joe Corvo.
7:19 of 3rd period - Icing by John Carlson.
7:20 of 3rd period - Olli Jokinen wins face-off versus Chris Thorburn in Avalanche zone.
7:22 of 3rd period - Icing by Jeff Skinner.
7:23 of 3rd period - Olli Jokinen wins face-off versus Chris Thorburn in Avalanche zone.
7:30 of 3rd period - Evgeny Dadonov is hit by Steve Downie.
7:31 of 3rd period - Icing by Evgeny Dadonov.
7:32 of 3rd period - Chris Thorburn wins face-off versus R.J. Umberger in Kings zone.
7:39 of 3rd period - Shot by Evgeny Dadonov.
7:39 of 3rd period - Stopped by Antti Niemi without a rebound.
7:40 of 3rd period - Justin Abdelkader wins face-off versus Brian Boyle in Avalanche zone.
7:58 of 3rd period - Minor Penalty to Paul Mara for Roughing.
7:59 of 3rd period - R.J. Umberger wins face-off versus Sean Bergenheim in Avalanche zone.
8:15 of 3rd period - Icing by Antoine Vermette.
8:16 of 3rd period - Antoine Vermette wins face-off versus Justin Abdelkader in Kings zone.
8:35 of 3rd period - Shot by Antoine Vermette.
8:35 of 3rd period - Stopped by Antti Niemi without a rebound.
8:36 of 3rd period - Matt Duchene wins face-off versus R.J. Umberger in Avalanche zone.
8:39 of 3rd period - Shot by Joe Corvo.
8:39 of 3rd period - Stopped by Antti Niemi with a rebound.
8:43 of 3rd period - Shot by Brian Rolston.
8:43 of 3rd period - Goal by Brian Rolston - Avalanche : 5 - Kings : 5.
8:44 of 3rd period - Olli Jokinen wins face-off versus Brian Boyle in neutral zone.
9:25 of 3rd period - Michael Frolik is hit by Michael Del Zotto and loses puck.
10:39 of 3rd period - Icing by Jarret Stoll.
10:40 of 3rd period - Antoine Vermette wins face-off versus Justin Abdelkader in Kings zone.
10:40 of 3rd period - Antoine Vermette is hit by Justin Abdelkader.
10:54 of 3rd period - Derek Stepan is hit by Jamie McBain and loses puck.
11:03 of 3rd period - Shot by Derek Stepan.
11:03 of 3rd period - Stopped by Jonathan Quick without a rebound.
11:04 of 3rd period - Ryan Carter wins face-off versus Brian Boyle in Kings zone.
11:36 of 3rd period - John Carlson is hit by Jonathon Blum and loses puck.
12:44 of 3rd period - Icing by Jason Demers.
12:45 of 3rd period - Antoine Vermette wins face-off versus Olli Jokinen in Avalanche zone.
12:45 of 3rd period - Jamie McBain is hit by Michael Del Zotto and loses puck.
13:00 of 3rd period - Shot by Olli Jokinen.
13:00 of 3rd period - Stopped by Jonathan Quick without a rebound.
13:01 of 3rd period - R.J. Umberger wins face-off versus Matt Duchene in Kings zone.
13:55 of 3rd period - Icing by Kevin Shattenkirk.
13:56 of 3rd period - R.J. Umberger wins face-off versus Brian Boyle in Avalanche zone.
14:19 of 3rd period - Jeff Skinner is hit by Brian Boyle and loses puck.
14:52 of 3rd period - Minor Penalty to Sean Bergenheim for Tripping.
14:53 of 3rd period - R.J. Umberger wins face-off versus Antoine Vermette in Kings zone.
14:54 of 3rd period - Shot by Teemu Selanne.
14:54 of 3rd period - Shot Blocked by Antoine Vermette.
15:13 of 3rd period - Milan Hejduk is hit by Bryan Allen and loses puck.
15:38 of 3rd period - Shot by Nicklas Lidstrom.
15:38 of 3rd period - Deflect By T.J. Oshie.
15:38 of 3rd period - Stopped by Jonathan Quick with a rebound.
15:50 of 3rd period - Shot by T.J. Oshie.
15:50 of 3rd period - Shot Blocked by Joe Corvo.
15:52 of 3rd period - Shot by Nicklas Lidstrom.
15:52 of 3rd period - Stopped by Jonathan Quick without a rebound.
15:53 of 3rd period - Brian Boyle wins face-off versus Justin Abdelkader in Kings zone.
15:53 of 3rd period - Sergei Gonchar is hit by Justin Abdelkader and loses puck.
16:03 of 3rd period - Icing by Jeff Skinner.
16:04 of 3rd period - Brian Boyle wins face-off versus Justin Abdelkader in Avalanche zone.
16:47 of 3rd period - Shot by Milan Hejduk.
16:47 of 3rd period - Stopped by Jonathan Quick with a rebound.
17:21 of 3rd period - Shot by T.J. Oshie.
17:21 of 3rd period - Stopped by Jonathan Quick with a rebound.
17:29 of 3rd period - Off-side.
17:30 of 3rd period - Antoine Vermette wins face-off versus Olli Jokinen in neutral zone.
17:37 of 3rd period - Shot by Jarret Stoll.
17:37 of 3rd period - Shot Blocked by Olli Jokinen.
17:42 of 3rd period - Icing by Jeff Skinner.
17:43 of 3rd period - Brian Boyle wins face-off versus Olli Jokinen in Avalanche zone.
18:10 of 3rd period - Shot by Brian Boyle.
18:10 of 3rd period - Shot Misses the Net.
18:44 of 3rd period - Icing by Jason Demers.
18:45 of 3rd period - R.J. Umberger wins face-off versus Matt Duchene in Avalanche zone.
19:15 of 3rd period - Off-side.
19:16 of 3rd period - Matt Duchene wins face-off versus Olli Jokinen in neutral zone.
19:36 of 3rd period - Matt Duchene is hit by Michael Del Zotto and loses puck.

Overtime #1

0:01 of 1st overtime period - Justin Abdelkader wins face-off versus Matt Duchene in neutral zone.
0:26 of 1st overtime period - Shot by Matt Duchene.
0:26 of 1st overtime period - Shot Blocked by Nicklas Lidstrom.
0:28 of 1st overtime period - Shot by Matt Duchene.
0:28 of 1st overtime period - Stopped by Antti Niemi with a rebound.
0:32 of 1st overtime period - Shot by Matt Duchene.
0:32 of 1st overtime period - Stopped by Antti Niemi with a rebound.
0:34 of 1st overtime period - Shot by Matt Duchene.
0:34 of 1st overtime period - Stopped by Antti Niemi without a rebound.
0:35 of 1st overtime period - Olli Jokinen wins face-off versus Antoine Vermette in Avalanche zone.
1:01 of 1st overtime period - Shot by Teemu Selanne.
1:01 of 1st overtime period - Stopped by Jonathan Quick without a rebound.
1:02 of 1st overtime period - Matt Duchene wins face-off versus Justin Abdelkader in Kings zone.
1:18 of 1st overtime period - Shot by Joe Corvo.
1:18 of 1st overtime period - Shot Misses the Net.
1:24 of 1st overtime period - Shot by Matt Duchene.
1:24 of 1st overtime period - Shot Misses the Net.
1:26 of 1st overtime period - Shot by Joe Corvo.
1:26 of 1st overtime period - Stopped by Antti Niemi without a rebound.
1:27 of 1st overtime period - Olli Jokinen wins face-off versus Antoine Vermette in Avalanche zone.
1:27 of 1st overtime period - Olli Jokinen is hit by Jarret Stoll.
1:46 of 1st overtime period - Shot by Jarret Stoll.
1:46 of 1st overtime period - Shot Blocked by Kevin Shattenkirk.
1:48 of 1st overtime period - Shot by Jarret Stoll.
1:48 of 1st overtime period - Stopped by Antti Niemi without a rebound.
1:49 of 1st overtime period - Matt Duchene wins face-off versus Justin Abdelkader in Avalanche zone.
3:04 of 1st overtime period - Icing by Jonathon Blum.
3:05 of 1st overtime period - Antoine Vermette wins face-off versus Justin Abdelkader in Kings zone.
3:39 of 1st overtime period - Shot by Antoine Vermette.
3:39 of 1st overtime period - Stopped by Antti Niemi without a rebound.
3:40 of 1st overtime period - Jarret Stoll wins face-off versus Olli Jokinen in Avalanche zone.
4:04 of 1st overtime period - Shot by Jarret Stoll.
4:04 of 1st overtime period - Shot Misses the Net.
4:08 of 1st overtime period - Shot by Jarret Stoll.
4:08 of 1st overtime period - Stopped by Antti Niemi without a rebound.
4:09 of 1st overtime period - Matt Duchene wins face-off versus T.J. Oshie in Avalanche zone.

ShootOut

ShootOut - Penalty Shot by Teemu Selanne for Avalanche.
ShootOut - Stopped by Jonathan Quick.
ShootOut - Penalty Shot by Matt Duchene for Kings.
ShootOut - Goal by Matt Duchene.
ShootOut - Penalty Shot by Milan Hejduk for Avalanche.
ShootOut - Stopped by Jonathan Quick.
ShootOut - Penalty Shot by Brian Rolston for Kings.
ShootOut - Shot Misses the Net.
ShootOut - Penalty Shot by T.J. Oshie for Avalanche.
ShootOut - Goal by T.J. Oshie.
ShootOut - Penalty Shot by Jarret Stoll for Kings.
ShootOut - Goal by Jarret Stoll.


Output by the SimonT Hockey Simulator (STHS) for Stephane Roy -- Original Page W3C XHTML 1.0 Valid